[Event "Czech Youth U16 Girls 2024"]
[Site "Kouty nad Desnou"]
[Date "2024.03.11"]
[Round "3.2"]
[White "Sikorova, Jana"]
[Black "Dobsa, Emma"]
[Result "0-1"]
[ECO "D10"]
[WhiteElo "1788"]
[BlackElo "1750"]
[Annotator "NA RC"]
[PlyCount "130"]
[EventDate "2024.03.10"]
[EventType "swiss"]
[EventCountry "CZE"]
[SourceTitle "playchess.com"]
[Source "ChessBase"]
[SourceQuality "1"]
[TimeControl "40/5400+30:1800+30"]

1. d4 d5 2. c4 c6 3. cxd5 cxd5 4. Nc3 Nf6 5. Nf3 Nc6 6. Bf4 Qb6 7. Qb3 Bf5 8. Qxb6 axb6 9. e3 e6 10. Rc1 Be7 11. Bb5 O-O 12. Nh4 Bg4 13. h3 Bh5 14. g4 Bg6 15. Nxg6 hxg6 16. Ke2 Rfc8 17. a3 Na5 18. Rc2 Ne4 19. Bd7 Rd8 20. Nxe4 Rxd7 21. Nd2 b5 22. Rhc1 Nc6 23. Nb3 b4 24. axb4 Bxb4 25. Nc5 Bxc5 26. Rxc5 f6 27. f3 Ra2 28. Rb5 e5 29. dxe5 fxe5 30. Bg3 Kf7 31. Rcc5 Ke6 32. Kd2 Ra1 33. Rc1 Ra8 34. h4 Na5 35. Kd3 Nc4 36. e4 dxe4+ 37. Kxc4 Rc8+ 38. Kb3 Rxc1 39. Rxe5+ Kf7 40. Rxe4 Rd3+ 41. Kb4 Rxf3 42. Bd6 Rg1 43. g5 Rh1 44. Re7+ Kg8 45. Rxb7 Rxh4+ 46. Kc5 Rf5+ 47. Kb6 Rh3 48. b4 Rxg5 49. b5 Rd5 50. Kc6 Rd1 51. Re7 Rc3+ 52. Bc5 Rf1 53. Re5 Rf6+ 54. Kd5 Rb3 55. b6 Rbxb6 56. Bxb6 Rxb6 57. Ke4 Kf7 58. Kf4 Kf6 59. Re4 g5+ 60. Kg4 Kg6 61. Rc4 Rf6 62. Kg3 Kh5 63. Rc7 Rg6 64. Rc5 Rb6 65. Rc3 Rb5 0-1

[Event "Czech Youth U16 Girls 2024"]
[Site "Kouty nad Desnou"]
[Date "2024.03.11"]
[Round "3.3"]
[White "Dominikova, Denisa"]
[Black "Lackova, Ludmila"]
[Result "1/2-1/2"]
[ECO "C42"]
[WhiteElo "1716"]
[BlackElo "1652"]
[Annotator "NA RC"]
[PlyCount "101"]
[EventDate "2024.03.10"]
[EventType "swiss"]
[EventCountry "CZE"]
[SourceTitle "playchess.com"]
[Source "ChessBase"]
[SourceQuality "1"]
[TimeControl "40/5400+30:1800+30"]

1. e4 e5 2. Nf3 Nf6 3. Nxe5 d6 4. Nf3 Nxe4 5. Nc3 Nxc3 6. dxc3 Be7 7. Be3 Nd7 8. Qd2 O-O 9. O-O-O c6 10. h4 d5 11. Bd3 Nc5 12. Nd4 Nxd3+ 13. Qxd3 Bc5 14. g4 a5 15. Nf5 Bxe3+ 16. Qxe3 Bxf5 17. gxf5 Qf6 18. Rdg1 h6 19. Kb1 b5 20. Rh2 Kh7 21. Rhg2 Rg8 22. Qd3 Rae8 23. f4 Re4 24. Qg3 b4 25. h5 a4 26. cxb4 Rxb4 27. c3 Rb5 28. Qd3 d4 29. Qxd4 Qxd4 30. cxd4 Rxf5 31. Rc1 Rxf4 32. Rxc6 Rxd4 33. Rc7 Rh4 34. Rxf7 Rxh5 35. Rg4 Ra5 36. Kc2 h5 37. Rg2 Kh6 38. Rc7 h4 39. Kc3 g5 40. Kb4 Raa8 41. Rg1 h3 42. Rd7 g4 43. Rd6+ Kh5 44. Rd5+ Kh4 45. Rd7 Rg5 46. Rh7+ Rh5 47. Rg7 Rb8+ 48. Kxa4 Ra8+ 49. Kb4 Rb8+ 50. Kc4 Rc8+ 51. Kd4 1/2-1/2

[Event "Czech Youth U16 Girls 2024"]
[Site "Kouty nad Desnou"]
[Date "2024.03.11"]
[Round "3.4"]
[White "Zadrapova, Amalie"]
[Black "Hetfleischova, Elen"]
[Result "1-0"]
[ECO "B57"]
[WhiteElo "1857"]
[BlackElo "1699"]
[Annotator "NA RC"]
[PlyCount "95"]
[EventDate "2024.03.10"]
[EventType "swiss"]
[EventCountry "CZE"]
[SourceTitle "playchess.com"]
[Source "ChessBase"]
[SourceQuality "1"]
[TimeControl "40/5400+30:1800+30"]

1. e4 c5 2. Nf3 d6 3. d4 cxd4 4. Nxd4 Nf6 5. Nc3 Nc6 6. Bc4 e5 7. Nf3 Be6 8. Bb3 {[%emt 0:00:49] B57: Classical Sicilian: Sozin with 6...Qb6.} Be7 9. O-O O-O 10. Re1 a6 11. Bg5 b5 12. Bxf6 Bxf6 13. Bd5 Qd7 14. a3 Rab8 15. Nd2 (15. Qd3 $142) 15... a5 16. Nb3 Bd8 17. Qd2 Ne7 18. Rad1 (18. Bxe6 $11 {feels stronger.} fxe6 19. Nc5) 18... Bc7 (18... Bg4 $15 19. Ra1 Bb6) 19. Qg5 (19. Kh1 $11) 19... b4 20. Bxe6 fxe6 21. axb4 axb4 22. Nc5 Qc8 23. Qxe7 {[%emt 0:02:16] [#]} Re8 $1 24. Qg5 bxc3 25. Nb3 cxb2 26. Rb1 d5 27. Rxb2 Bd6 (27... Ba5 $17 28. Reb1 Bc3) 28. Ra2 d4 29. h3 Rf8 30. Rea1 h6 31. Qg3 Kh7 (31... Rb6 $11 {hält das Gleichgewicht.}) 32. Nc1 Rf6 33. Nd3 Rg6 34. Qf3 Qc4 35. Qf7 Rf6 36. Qd7 Qc7 37. Ra7 Qxd7 38. Rxd7 Rb6 39. Raa7 Rg6 (39... Rb1+ 40. Kh2 Bf8) 40. Rd8 Rc6 $18 41. Rad7 Ba3 42. Nxe5 Rxc2 43. Nxg6 Rc1+ 44. Kh2 Kxg6 45. Rg8 Rd1 46. Rgxg7+ Kf6 47. f4 e5 48. f5 1-0

[Event "Czech Youth U16 Girls 2024"]
[Site "Kouty nad Desnou"]
[Date "2024.03.11"]
[Round "3.5"]
[White "Janouskova, Adela"]
[Black "Kaplanova, Dominika"]
[Result "0-1"]
[ECO "B10"]
[WhiteElo "1684"]
[BlackElo "1837"]
[Annotator "NA RC"]
[PlyCount "102"]
[EventDate "2024.03.10"]
[EventType "swiss"]
[EventCountry "CZE"]
[SourceTitle "playchess.com"]
[Source "ChessBase"]
[SourceQuality "1"]
[TimeControl "40/5400+30:1800+30"]

1. e4 c6 2. c4 d5 3. cxd5 cxd5 4. exd5 Nf6 5. Nc3 Nxd5 6. Nf3 Nc6 7. d4 e6 8. Bd3 Be7 9. O-O O-O 10. Re1 h6 11. a3 Bf6 12. Bc2 {[%emt 0:02:29] D42: Queen's Gambit Declined: Semi-Tarrasch: 5 cxd5 Nxd5 6 e3 Nc6 7 Bd3 .} Nde7 13. Qd3 Ng6 $1 14. Be3 Re8 15. Rad1 Nce7 16. Ne4 Nd5 (16... Nf5 $142) 17. Nxf6+ (17. Ne5 $142) 17... Nxf6 18. Qe2 (18. Qd2 $16) 18... Ne7 19. Ne5 Ned5 20. Qf3 Bd7 21. Qg3 (21. Bd2 $16) 21... Nxe3 22. fxe3 Re7 23. Rf1 Kf8 $2 (23... Ne8 24. Rxf7 Rxf7) 24. Rf2 Bb5 25. a4 Bc6 26. Rdf1 Rc7 27. Ng4 $2 (27. Qh4 $18 Qd5 28. Bd3) 27... Nxg4 28. Qxg4 Kg8 29. Rf6 (29. Qh5 $1 $11 Qd5 30. Qxd5 Bxd5 31. e4) 29... h5 30. Qg5 (30. Qxh5 $2 {verliert.} gxf6 31. Qh6 (31. Qh7+ $2 Kf8 $19) 31... f5 $19) (30. Qg3 $11 Bxg2 31. Qxg2 Rxc2 32. Qxc2 gxf6 33. Qg2+ Kf8 34. Qxb7) 30... Qd5 31. Qg3 Qxg2+ 32. Qxg2 Bxg2 33. Kxg2 Rxc2+ 34. R6f2 Rac8 35. Kg3 Rxf2 36. Rxf2 Rc4 37. Rd2 Rxa4 38. e4 Kf8 39. Kf4 f6 40. h4 (40. Ke3 $142) 40... Rc4 41. Ke3 Rc1 42. Rh2 $19 Rg1 43. Kf3 Ke7 44. Ke3 Rg3+ 45. Kd2 Kd6 46. Ke2 Rb3 47. Kf1 Re3 48. Re2 Rxe2 49. Kxe2 f5 50. Kf3 g6 51. Kf4 a5 0-1

[Event "Czech Youth U16 Girls 2024"]
[Site "Kouty nad Desnou"]
[Date "2024.03.11"]
[Round "3.6"]
[White "Mikesova, Lenka"]
[Black "Dudkova, Josefina"]
[Result "1-0"]
[ECO "B35"]
[WhiteElo "1665"]
[BlackElo "1796"]
[Annotator "NA RC"]
[PlyCount "79"]
[EventDate "2024.03.10"]
[EventType "swiss"]
[EventCountry "CZE"]
[SourceTitle "playchess.com"]
[Source "ChessBase"]
[SourceQuality "1"]
[TimeControl "40/5400+30:1800+30"]

1. e4 c5 2. Nf3 Nc6 3. d4 cxd4 4. Nxd4 g6 5. Nc3 Bg7 6. Be3 Nf6 7. Bc4 O-O 8. Bb3 d6 9. f3 Bd7 10. Qd2 Nxd4 11. Bxd4 b5 12. O-O-O a5 13. Nd5 Nxd5 14. Bxg7 Kxg7 15. Bxd5 Rb8 16. e5 e6 17. Be4 d5 18. Bd3 b4 19. h4 h6 20. g4 Rh8 21. f4 f5 22. h5 g5 23. Rdg1 Kh7 24. gxf5 exf5 25. fxg5 Rg8 26. g6+ Kg7 27. Rf1 Rf8 28. Kb1 Qc7 29. Qe2 Be6 30. Rh4 a4 31. Rhf4 Qd7 32. Qf2 b3 33. cxb3 axb3 34. a3 Qc7 35. Bxf5 Bc8 36. Bxc8 Qc2+ 37. Qxc2 bxc2+ 38. Kc1 Rfxc8 39. Rf7+ Kg8 40. e6 1-0

[Event "Czech Youth U16 Girls 2024"]
[Site "Kouty nad Desnou"]
[Date "2024.03.11"]
[Round "3.7"]
[White "Zelenkova, Sofie"]
[Black "Dorazilova, Kristyna"]
[Result "1/2-1/2"]
[ECO "A05"]
[WhiteElo "1636"]
[BlackElo "1722"]
[Annotator "NA RC"]
[PlyCount "97"]
[EventDate "2024.03.10"]
[EventType "swiss"]
[EventCountry "CZE"]
[SourceTitle "playchess.com"]
[Source "ChessBase"]
[SourceQuality "1"]
[TimeControl "40/5400+30:1800+30"]

1. Nf3 Nf6 2. g3 e6 3. Bg2 b6 4. d4 Bb7 5. O-O c5 6. c3 Be7 7. Bg5 d6 8. Nbd2 Nbd7 9. Re1 O-O 10. e4 h6 11. Bxf6 Nxf6 12. c4 d5 13. e5 Nd7 14. b3 Rc8 15. Rc1 Rc7 16. Nb1 a6 17. cxd5 Bxd5 18. Nc3 Bb7 19. d5 exd5 20. Nxd5 Bxd5 21. Qxd5 Nb8 22. Qxd8 Rxd8 23. e6 Nc6 24. exf7+ Kxf7 25. Ne5+ Nxe5 26. Rxe5 Rcd7 27. Rce1 Bf6 28. Re6 Rd6 29. Rxd6 Rxd6 30. Bf3 Rd2 31. Re2 Rxe2 32. Bxe2 b5 33. Bf3 Ke6 34. Bb7 a5 35. Ba6 b4 36. Kf1 Kd5 37. Ke2 Kd4 38. Kd2 Bg5+ 39. f4 Bd8 40. h4 a4 41. Bc4 Bf6 42. h5 a3 43. Bd3 Kd5 44. Bc4+ Ke4 45. Ke2 Bc3 46. Bd3+ Kd4 47. Bc4 Ke4 48. Bd3+ Kd5 49. Bb5 1/2-1/2

[Event "Czech Youth U16 Girls 2024"]
[Site "Kouty nad Desnou"]
[Date "2024.03.11"]
[Round "3.8"]
[White "Stavova, Marketa"]
[Black "Cinkova, Vicky"]
[Result "1/2-1/2"]
[ECO "C01"]
[WhiteElo "1641"]
[BlackElo "1682"]
[Annotator "NA RC"]
[PlyCount "66"]
[EventDate "2024.03.10"]
[EventType "swiss"]
[EventCountry "CZE"]
[SourceTitle "playchess.com"]
[Source "ChessBase"]
[SourceQuality "1"]
[TimeControl "40/5400+30:1800+30"]

1. e4 e6 2. d4 d5 3. exd5 exd5 4. Bd3 Bd6 5. c3 Nc6 6. Nf3 Nge7 7. h3 f6 8. Qc2 g6 9. Nbd2 Be6 10. Nf1 Qd7 11. Bd2 O-O-O 12. O-O-O Rdg8 13. Ne3 h6 14. Nh2 h5 15. Rdg1 f5 16. Nd1 Nd8 17. f4 Bf7 18. h4 Ne6 19. g3 Re8 20. Nf3 Ng8 21. Ne3 c6 22. Re1 Nf6 23. Rhg1 Ne4 24. Ne5 Qc7 25. Kb1 Rhg8 26. Bc1 Re7 27. Nf3 Rge8 28. Nd2 Ng7 29. Ndf1 Kb8 30. Rg2 Rf8 31. Qd1 Qb6 32. Ka1 Ne8 33. Bc2 N8f6 1/2-1/2

[Event "Czech Youth U16 Girls 2024"]
[Site "Kouty nad Desnou"]
[Date "2024.03.11"]
[Round "3.9"]
[White "Urvalkova, Ema"]
[Black "Kavanova, Anezka"]
[Result "0-1"]
[ECO "B76"]
[WhiteElo "1496"]
[BlackElo "1661"]
[Annotator "NA RC"]
[PlyCount "60"]
[EventDate "2024.03.10"]
[EventType "swiss"]
[EventCountry "CZE"]
[SourceTitle "playchess.com"]
[Source "ChessBase"]
[SourceQuality "1"]
[TimeControl "40/5400+30:1800+30"]

1. e4 c5 2. Nf3 d6 3. d4 cxd4 4. Nxd4 Nf6 5. Nc3 g6 6. Be3 Bg7 7. f3 O-O 8. Qd2 Nc6 9. O-O-O d5 10. Nxc6 bxc6 11. e5 Nd7 12. f4 e6 13. g4 c5 14. Nb5 d4 15. Bf2 f6 16. Bg2 Rb8 17. Na3 fxe5 18. Bg3 Qb6 19. Nc4 Qa6 20. Na3 e4 21. Bxe4 c4 22. Be1 c3 23. Qd3 Qa4 24. Nb1 Nc5 25. Qf3 Qxa2 26. bxc3 Rxb1+ 27. Kd2 dxc3+ 28. Ke2 Ba6+ 29. Bd3 Rxd1 30. Kxd1 Bxd3 0-1

[Event "Czech Youth U16 Girls 2024"]
[Site "Kouty nad Desnou"]
[Date "2024.03.11"]
[Round "3.10"]
[White "Souralova, Jana"]
[Black "Holatova, Irena"]
[Result "1/2-1/2"]
[ECO "C26"]
[WhiteElo "1597"]
[BlackElo "1608"]
[Annotator "NA RC"]
[PlyCount "124"]
[EventDate "2024.03.10"]
[EventType "swiss"]
[EventCountry "CZE"]
[SourceTitle "playchess.com"]
[Source "ChessBase"]
[SourceQuality "1"]
[TimeControl "40/5400+30:1800+30"]

1. e4 e5 2. Nc3 Nf6 3. g3 d5 4. Bg2 d4 5. Nd5 Be6 6. Nxf6+ Qxf6 7. Qf3 Qxf3 8. Nxf3 f6 9. d3 Nc6 10. O-O O-O-O 11. Bd2 Bb4 12. Rfd1 Bxd2 13. Rxd2 Ne7 14. c3 g5 15. cxd4 g4 16. Ne1 exd4 17. f4 f5 18. e5 Bd5 19. Nc2 c5 20. Na3 a6 21. Bxd5 Nxd5 22. Nc4 Kb8 23. Kf2 Rhe8 24. Re1 Re6 25. Rc2 Nb4 26. Rd2 Nxa2 27. Ra1 Nb4 28. Nd6 Rd7 29. Nxf5 Rf7 30. Nd6 Rf8 31. Ke2 Rd8 32. Nf7 Rd7 33. Ng5 Rh6 34. Kf1 Nd5 35. Ne4 Ne3+ 36. Kg1 Rc7 37. Rc1 b6 38. Nd6 Rd7 39. Ra1 Ra7 40. Rf2 Re6 41. f5 Nxf5 42. Rxf5 Rae7 43. Rxa6 Rxe5 44. Rxe5 Rxe5 45. Ne4 Kb7 46. Ra1 b5 47. Kf2 c4 48. Ke2 c3 49. bxc3 dxc3 50. Ra3 Rh5 51. Nxc3 Rxh2+ 52. Kd1 Kc6 53. Rb3 Rg2 54. Ne2 h5 55. d4 Rh2 56. Kd2 h4 57. gxh4 Rxh4 58. Rg3 Kd5 59. Nc3+ Kc4 60. d5 Kc5 61. Ke3 Rh3 62. Kd2 Rh4 1/2-1/2

[Event "Czech Youth U16 Girls 2024"]
[Site "Kouty nad Desnou"]
[Date "2024.03.11"]
[Round "3.11"]
[White "Archlebova, Stela"]
[Black "Dlaskova, Eliska"]
[Result "0-1"]
[ECO "C01"]
[WhiteElo "1600"]
[BlackElo "1526"]
[Annotator "NA RC"]
[PlyCount "58"]
[EventDate "2024.03.10"]
[EventType "swiss"]
[EventCountry "CZE"]
[SourceTitle "playchess.com"]
[Source "ChessBase"]
[SourceQuality "1"]
[TimeControl "40/5400+30:1800+30"]

1. e4 e6 2. d4 d5 3. exd5 exd5 4. Nc3 Nf6 5. Bg5 Be7 6. Nf3 O-O 7. Be2 Re8 8. O-O c6 9. Re1 Qc7 10. Bd3 Bd7 11. Qd2 Na6 12. Ne5 Nb4 13. Nxd7 Qxd7 14. Be2 Qf5 15. Rac1 c5 16. Bxf6 Bxf6 17. dxc5 Bg5 18. Qd4 Nxc2 19. Rxc2 Qxc2 20. Qg4 Bd2 21. Rd1 Bxc3 22. bxc3 Qxe2 23. Qxe2 Rxe2 24. a3 Rc2 25. h3 Rd8 26. Rd3 f6 27. g3 Kf7 28. Kg2 Ke6 29. Kf3 Rc8 0-1

[Event "Czech Youth U16 Girls 2024"]
[Site "Kouty nad Desnou"]
[Date "2024.03.11"]
[Round "4.1"]
[White "Dobsa, Emma"]
[Black "Brezikova, Beata"]
[Result "1-0"]
[ECO "C54"]
[WhiteElo "1750"]
[BlackElo "1804"]
[Annotator "NA RC"]
[PlyCount "75"]
[EventDate "2024.03.10"]
[EventType "swiss"]
[EventCountry "CZE"]
[SourceTitle "playchess.com"]
[Source "ChessBase"]
[SourceQuality "1"]
[TimeControl "40/5400+30:1800+30"]

1. e4 e5 2. Nf3 Nc6 3. Bc4 Bc5 4. c3 Nf6 5. d3 O-O 6. Nbd2 d6 7. O-O Be6 8. Bxe6 fxe6 9. b4 Bb6 10. Qb3 Qd7 11. a4 a6 12. Ba3 h6 13. Nc4 Rae8 14. Nxb6 cxb6 15. b5 Ne7 16. bxa6 Ng6 17. Qxb6 Ng4 18. axb7 Nf4 19. Bxd6 Ne2+ 20. Kh1 Rxf3 21. Qc7 Qxc7 22. Bxc7 Nxf2+ 23. Rxf2 Rxf2 24. b8=Q Rxb8 25. Bxb8 Nxc3 26. a5 Rf8 27. Bxe5 Nb5 28. Kg1 Na7 29. a6 Nc6 30. Bg3 Ra8 31. Bf2 Kf7 32. Bc5 Ke8 33. Kf2 Kd7 34. d4 Ke8 35. a7 Kf7 36. Ke3 Kg6 37. d5 exd5 38. Ra6 1-0

[Event "Czech Youth U16 Girls 2024"]
[Site "Kouty nad Desnou"]
[Date "2024.03.11"]
[Round "4.2"]
[White "Vacekova, Anita"]
[Black "Dominikova, Denisa"]
[Result "0-1"]
[ECO "C88"]
[WhiteElo "1783"]
[BlackElo "1716"]
[Annotator "NA RC"]
[PlyCount "98"]
[EventDate "2024.03.10"]
[EventType "swiss"]
[EventCountry "CZE"]
[SourceTitle "playchess.com"]
[Source "ChessBase"]
[SourceQuality "1"]
[TimeControl "40/5400+30:1800+30"]

1. e4 e5 2. Nf3 Nc6 3. Bb5 a6 4. Ba4 Nf6 5. O-O Be7 6. Re1 b5 7. Bb3 d6 8. a4 b4 9. d4 Bg4 10. c3 bxc3 11. bxc3 O-O 12. Bd5 Qd7 13. dxe5 Nxd5 14. exd5 Bxf3 15. Qxf3 Nxe5 16. Qg3 Bf6 17. Nd2 Rab8 18. Ne4 Qf5 19. Nxf6+ Qxf6 20. Bg5 Qf5 21. f4 Ng6 22. h4 f6 23. h5 fxg5 24. hxg6 hxg6 25. Qxg5 Qxf4 26. Qxg6 Qf2+ 27. Kh2 Rf6 28. Re8+ Rxe8 29. Qxe8+ Kh7 30. Qe4+ Kh6 31. Re1 Rf4 32. Qe6+ Kh7 33. Re3 Rh4+ 34. Rh3 Qf4+ 35. Kg1 Rxh3 36. Qxh3+ Kg6 37. Qe6+ Qf6 38. Qe8+ Kh6 39. Qc6 Qe5 40. Qc4 Qe1+ 41. Kh2 Qe5+ 42. g3 a5 43. Qf4+ Kg6 44. Qxe5 dxe5 45. Kg2 Kf5 46. c4 Ke4 47. Kf2 Kd4 48. Kf3 e4+ 49. Kf4 g5+ 0-1

[Event "Czech Youth U16 Girls 2024"]
[Site "Kouty nad Desnou"]
[Date "2024.03.11"]
[Round "4.3"]
[White "Lackova, Ludmila"]
[Black "Zadrapova, Amalie"]
[Result "1/2-1/2"]
[ECO "E67"]
[WhiteElo "1652"]
[BlackElo "1857"]
[Annotator "NA RC"]
[PlyCount "104"]
[EventDate "2024.03.10"]
[EventType "swiss"]
[EventCountry "CZE"]
[SourceTitle "playchess.com"]
[Source "ChessBase"]
[SourceQuality "1"]
[TimeControl "40/5400+30:1800+30"]

1. d4 Nf6 2. c4 g6 3. Nc3 Bg7 4. Nf3 O-O 5. g3 d6 6. Bg2 Nbd7 7. O-O e5 8. h3 Re8 9. Be3 a5 {[%emt 0:02:20] E67: King's Indian: Fianchetto: 6...Nbd7.} 10. Rc1 exd4 11. Nxd4 Nc5 12. Qc2 Bd7 13. b3 Qc8 14. Kh2 Ne6 15. Ncb5 Nxd4 16. Nxd4 Re5 17. Rh1 Rh5 18. Kg1 Bxh3 19. Bxh3 Rxh3 20. Kg2 Rxh1 21. Rxh1 Ng4 22. Qd2 Nxe3+ 23. Qxe3 Qd7 24. Qd3 Re8 25. Rh4 Re5 26. Nf3 Qc6 27. Kg1 Re7 28. Nd2 f5 $17 29. Nf3 Bf6 30. Rf4 Kg7 31. g4 Re4 32. Qd2 fxg4 33. Rxe4 Qxe4 34. Ng5 Qe7 35. f4 h6 36. Qxa5 hxg5 37. fxg5 Bxg5 38. Qc3+ Qe5 39. Qd3 Qe3+ 40. Kg2 Qxd3 41. exd3 Kf6 42. a4 Bd2 43. Kg3 Kf5 44. d4 Bc3 45. d5 g5 46. Kf2 Kf4 47. Kg2 g3 48. Kf1 Kf3 49. Kg1 Bd4+ 50. Kh1 g2+ 51. Kh2 g1=Q+ 52. Kh3 Qg3# 1/2-1/2

[Event "Czech Youth U16 Girls 2024"]
[Site "Kouty nad Desnou"]
[Date "2024.03.11"]
[Round "4.4"]
[White "Kaplanova, Dominika"]
[Black "Sikorova, Jana"]
[Result "1/2-1/2"]
[ECO "A50"]
[WhiteElo "1837"]
[BlackElo "1788"]
[Annotator "NA RC"]
[PlyCount "65"]
[EventDate "2024.03.10"]
[EventType "swiss"]
[EventCountry "CZE"]
[SourceTitle "playchess.com"]
[Source "ChessBase"]
[SourceQuality "1"]
[TimeControl "40/5400+30:1800+30"]

1. d4 Nf6 2. c4 b6 3. Nc3 Bb7 4. Qc2 d5 5. cxd5 Nxd5 6. e4 Nxc3 7. bxc3 e6 8. Nf3 c5 9. Bb5+ Bc6 10. Bd3 Nd7 11. O-O Be7 12. Be3 Qc7 13. Rac1 Rc8 14. h3 cxd4 15. cxd4 Ba3 16. Ba6 Bxc1 $18 17. Rxc1 Rd8 18. Bb5 O-O 19. Qxc6 Qxc6 20. Bxc6 Nf6 21. Bd2 Rc8 22. Ne5 Rfd8 23. Bc3 Rc7 24. f3 Nh5 25. Bb2 Nf4 26. Bb5 Rxc1+ 27. Bxc1 Ng6 28. Nxg6 hxg6 29. Bb2 Kf8 30. Ba3+ Kg8 31. Bb2 Kf8 32. Ba3+ Kg8 33. Bb2 1/2-1/2

[Event "Czech Youth U16 Girls 2024"]
[Site "Kouty nad Desnou"]
[Date "2024.03.11"]
[Round "4.5"]
[White "Dorazilova, Kristyna"]
[Black "Mikesova, Lenka"]
[Result "0-1"]
[ECO "C26"]
[WhiteElo "1722"]
[BlackElo "1665"]
[Annotator "NA RC"]
[PlyCount "106"]
[EventDate "2024.03.10"]
[EventType "swiss"]
[EventCountry "CZE"]
[SourceTitle "playchess.com"]
[Source "ChessBase"]
[SourceQuality "1"]
[TimeControl "40/5400+30:1800+30"]

1. e4 e5 2. Nc3 Nf6 3. g3 Nc6 4. Bg2 Bc5 5. Nge2 d6 6. Na4 Bb6 7. Nxb6 axb6 8. O-O O-O 9. h3 Be6 10. a3 Qd7 11. Kh2 d5 12. d3 dxe4 13. dxe4 Rfd8 14. Qxd7 Rxd7 15. Bg5 Ne8 16. Rad1 Rxd1 17. Rxd1 f6 18. Be3 Nd6 19. f4 Nc4 20. Bc1 Rd8 21. Rxd8+ Nxd8 22. Nc3 c6 23. b3 Nd6 24. a4 b5 25. Ba3 bxa4 26. f5 Bf7 27. Nxa4 Nc8 28. Kg1 b6 29. Kf2 Nb7 30. Ke3 b5 31. Nc5 Ncd6 32. Kd3 Nxc5+ 33. Bxc5 Nb7 34. Ba3 c5 35. Bf1 b4 36. Bc1 Kf8 37. Be3 Ke7 38. g4 h6 39. Ke2 Kd6 40. Kf3 Na5 41. Bd3 Nc6 42. h4 Nd4+ 43. Bxd4 exd4 44. g5 hxg5 45. hxg5 Ke5 46. Bb5 Bh5+ 47. Kg3 Kxe4 48. Bd3+ Ke3 49. gxf6 gxf6 50. Bc4 Be2 51. Be6 Bd1 52. Kh4 Bxc2 53. Kh5 d3 0-1

[Event "Czech Youth U16 Girls 2024"]
[Site "Kouty nad Desnou"]
[Date "2024.03.11"]
[Round "4.6"]
[White "Cinkova, Vicky"]
[Black "Zelenkova, Sofie"]
[Result "1-0"]
[ECO "A15"]
[WhiteElo "1682"]
[BlackElo "1636"]
[Annotator "NA RC"]
[PlyCount "175"]
[EventDate "2024.03.10"]
[EventType "swiss"]
[EventCountry "CZE"]
[SourceTitle "playchess.com"]
[Source "ChessBase"]
[SourceQuality "1"]
[TimeControl "40/5400+30:1800+30"]

1. c4 Nf6 2. g3 e6 3. a3 g6 4. Bg2 Bg7 5. Nc3 O-O 6. e3 d5 7. cxd5 Nxd5 8. Nge2 c5 9. Nxd5 exd5 10. d4 c4 11. Nf4 Be6 12. O-O Nc6 13. Bd2 Re8 14. Bc3 Qd7 15. Re1 Rad8 16. Rc1 b5 17. b3 a5 18. bxc4 bxc4 19. Qa4 g5 20. Ne2 Nxd4 21. Qxd7 Nxe2+ 22. Rxe2 Rxd7 23. Bxa5 Rc8 24. Bc3 Bxc3 25. Rxc3 Rb8 26. h3 Ra7 27. Rd2 Rb3 28. Rc1 c3 29. Rd3 Raxa3 30. Kh2 Bf5 31. Rxd5 Rb1 32. Rxb1 Bxb1 33. Rxg5+ Bg6 34. Be4 Ra2 35. Bxg6 hxg6 36. Kg2 Kg7 37. Rc5 Rc2 38. Kf3 Kf6 39. e4 Ke6 40. Ke3 Kd6 41. Rc8 Ke6 42. h4 Rc1 43. Kd3 Rd1+ 44. Kc2 Rd2+ 45. Kxc3 Rxf2 46. Kd4 Rd2+ 47. Ke3 Rb2 48. Rc5 Rb3+ 49. Kf4 f6 50. Rc6+ Ke7 51. Rc7+ Kf8 52. Rc5 Ke7 53. g4 Rb1 54. Rc2 Rh1 55. Kg3 Re1 56. Kf4 Rh1 57. Kg3 Re1 58. Kf3 Rh1 59. Rc7+ Kf8 60. Rc6 Ke7 61. g5 fxg5 62. hxg5 Rf1+ 63. Ke2 Rf4 64. Ke3 Rg4 65. Rxg6 Kf7 66. Rf6+ Ke7 67. Rf5 Ke6 68. Kd4 Kd6 69. Ra5 Ke6 70. Ke3 Rg3+ 71. Kf4 Rb3 72. Ra6+ Kf7 73. Kg4 Rb4 74. Kf5 Rb7 75. g6+ Kg7 76. e5 Rc7 77. Ra1 Rc6 78. Ra7+ Kg8 79. Rf7 Rb6 80. Rf6 Rb7 81. Rd6 Kg7 82. Ra6 Rc7 83. Ra1 Rc6 84. Ra7+ Kg8 85. e6 Rc8 86. Kf6 Re8 87. g7 Rb8 88. Ra1 1-0

[Event "Czech Youth U16 Girls 2024"]
[Site "Kouty nad Desnou"]
[Date "2024.03.11"]
[Round "4.7"]
[White "Kavanova, Anezka"]
[Black "Janouskova, Adela"]
[Result "1-0"]
[ECO "B33"]
[WhiteElo "1661"]
[BlackElo "1684"]
[Annotator "NA RC"]
[PlyCount "49"]
[EventDate "2024.03.10"]
[EventType "swiss"]
[EventCountry "CZE"]
[SourceTitle "playchess.com"]
[Source "ChessBase"]
[SourceQuality "1"]
[TimeControl "40/5400+30:1800+30"]

1. e4 c5 2. Nf3 Nc6 3. d4 cxd4 4. Nxd4 Nf6 5. Nc3 g6 6. Nxc6 dxc6 7. Qxd8+ Kxd8 8. e5 Nd5 9. Nxd5 cxd5 10. Be3 Bf5 11. O-O-O e6 12. Bd3 Bxd3 13. Rxd3 Be7 14. Kb1 Ke8 15. Rc1 b6 16. c4 dxc4 17. Rxc4 f6 18. exf6 Bxf6 19. Rc7 Be5 20. Rb7 Bxh2 21. g3 h5 22. Bg5 Bg1 23. Re7+ Kf8 24. Rdd7 a6 25. Bf6 1-0

[Event "Czech Youth U16 Girls 2024"]
[Site "Kouty nad Desnou"]
[Date "2024.03.11"]
[Round "4.8"]
[White "Dudkova, Josefina"]
[Black "Stavova, Marketa"]
[Result "1-0"]
[ECO "D02"]
[WhiteElo "1796"]
[BlackElo "1641"]
[Annotator "NA RC"]
[PlyCount "99"]
[EventDate "2024.03.10"]
[EventType "swiss"]
[EventCountry "CZE"]
[SourceTitle "playchess.com"]
[Source "ChessBase"]
[SourceQuality "1"]
[TimeControl "40/5400+30:1800+30"]

1. d4 d5 2. Bf4 Nf6 3. Nf3 e6 4. e3 c5 5. c3 Nc6 6. Nbd2 cxd4 7. exd4 h6 8. Bd3 Bd6 9. Ne5 O-O 10. O-O Qc7 11. Re1 Bd7 12. Re3 Kh8 13. Qf3 Bxe5 14. dxe5 Ng8 15. g4 Qd8 16. Qh3 g5 17. Bg3 Kg7 18. Qf1 Nge7 19. f4 f6 20. f5 fxe5 21. Bxe5+ Nxe5 22. Rxe5 Qb6+ 23. Kg2 Qxb2 24. Qe1 Qxc3 25. fxe6 Bc6 26. Bf5 Rad8 27. Rc1 Qb2 28. Rc2 Qb6 29. Nf3 Rc8 30. Qd2 Rg8 31. Rc1 Qd8 32. Nxg5 Be8 33. Rf1 Ng6 34. Nf7 Qh4 35. Rxd5 Ne7 36. Qb2+ Kf8 37. Rd4 Nxf5 38. e7+ Qxe7 39. Rxf5 Bxf7 40. Rdf4 Ke8 41. Rxf7 Rxg4+ 42. Rxg4 Qxf7 43. Qe5+ Kf8 44. Qh8+ Ke7 45. Qxc8 Qd5+ 46. Kg3 Qe5+ 47. Kf3 Qf6+ 48. Ke3 Qb6+ 49. Kf3 Qf6+ 50. Rf4 1-0

[Event "Czech Youth U16 Girls 2024"]
[Site "Kouty nad Desnou"]
[Date "2024.03.11"]
[Round "4.10"]
[White "Dlaskova, Eliska"]
[Black "Souralova, Jana"]
[Result "1-0"]
[ECO "C44"]
[WhiteElo "1526"]
[BlackElo "1597"]
[Annotator "NA RC"]
[PlyCount "76"]
[EventDate "2024.03.10"]
[EventType "swiss"]
[EventCountry "CZE"]
[SourceTitle "playchess.com"]
[Source "ChessBase"]
[SourceQuality "1"]
[TimeControl "40/5400+30:1800+30"]

1. e4 e5 2. Nf3 Nc6 3. d4 exd4 4. Nxd4 Nf6 5. Nxc6 bxc6 6. Bd3 d5 7. e5 Nd7 8. O-O Bc5 9. Re1 Nb6 10. c3 Qh4 11. Be3 Be7 12. g3 Qh3 13. Bf1 Qg4 14. f3 Qe6 15. b4 Bb7 16. Nd2 O-O-O 17. Qb3 Qxe5 18. Bxb6 Qg5 19. Bxa7 Bd6 20. Bh3+ f5 21. Be3 Qh5 22. Kg2 g6 23. b5 c5 24. a4 d4 25. cxd4 cxd4 26. Bf2 d3 27. Rac1 Kb8 28. b6 Rhe8 29. Qc4 c5 30. Bxc5 Be5 31. Be3 g5 32. a5 g4 33. Kg1 Qxh3 34. Bf4 gxf3 35. Nxf3 Ka8 36. Bxe5 d2 37. a6 dxe1=Q+ 38. Nxe1 Rc8 1-0